 Dungeon Crawl Stone Soup version 0.28.0-43-g3370ac3207 (webtiles) character file.

Game seed: 11085492099846893721

37 Jerry the Ducker (level 3, -7/36 HPs)
             Began as a Troll Fighter on Mar 14, 2022.
             Mangled by Robin
             ... wielding a +1 falchion of distortion
              (16 damage)
             ... on level 2 of the Dungeon.
             The game lasted 00:01:25 (787 turns).

Jerry the Ducker (Troll Fighter)                     Turns: 787, Time: 00:01:27

Health: -7/36      AC:  4    Str: 24    XL:     3   Next: 23%
Magic:  2/2        EV:  8    Int:  6    God:
Gold:   0          SH:  7    Dex:  9    Spells: 2/2 levels left

rFire   . . .      SeeInvis .   a - +0 flail
rCold   . . .      Faith    .   c - +0 kite shield
rNeg    . . .      Spirit   .   b - +0 robe
rPois   .          Reflect  .   (helmet restricted)
rElec   .          Harm     .   (no cloak)
rCorr   .          Rampage  .   (gloves unavailable)
Will    .....                   (boots unavailable)
Stlth   +.........              (no amulet)
HPRegen 0.92/turn               (no ring)
MPRegen 0.08/turn               (no ring)

@: no status effects
A: large, unfitting armour, claws 3, regeneration 1, shaggy fur 1, tough skin 1
a: no special abilities


You were on level 2 of the Dungeon.
You visited 1 branch of the dungeon, and saw 2 of its levels.

Inventory:

Hand Weapons
 a - a +0 flail (weapon)
Armour
 b - a +0 robe (worn)
 c - a +0 kite shield (worn)
Jewellery
 f - an amulet of the acrobat
Scrolls
 e - 3 scrolls of teleportation {unknown}
 g - 2 scrolls of identify {unknown}
 h - a scroll of blinking {unknown}
 j - a scroll of fog {unknown}
Potions
 d - a potion of might
 i - 2 potions of curing {unknown}
 k - a potion of magic {unknown}


   Skills:
 - Level 2.4 Fighting
 * Level 2.7 Maces & Flails
 + Level 2.7 Dodging
 + Level 2.7 Shields


You had 2 spell levels left.
You didn't know any spells.
Your spell library was empty.

Dungeon Overview and Level Annotations

Branches:
Dungeon (2/15)

Altars:

Annotations:
D:2 Robin


Innate Abilities, Weirdness & Mutations

You are too large for most types of armour.
You have claws for hands.
Your natural rate of healing is unusually fast.
You are covered in fur. (AC +1)
You have tough skin. (AC +1)


Message History

You barely miss the goblin. The goblin hits you but does no damage.
You closely miss the goblin. The goblin hits you with a +0 club.
* * * LOW HITPOINT WARNING * * *
You sock the goblin!
You kill the goblin!
Items here: )))))) ††.
Okay, then.
You start resting.
HP restored.
There is a stone staircase leading down here.
You climb downwards.
Level annotation: Robin The goblin hits you but does no damage.
The goblin hits you with a +0 dagger.
The goblin hits you but does no damage. x2
There is a stone staircase leading up here.
You barely miss the goblin.
Robin roars a battlecry!
The goblins go into a battle-frenzy!
The goblin hits you but does no damage. The goblin closely misses you.
You closely miss the goblin. The goblin closely misses you.
The goblin hits you with a +0 dagger. x2
The goblin hits you but does no damage.
You barely miss the goblin. The goblin completely misses you.
The goblin hits you with a +0 dagger. You block Robin's attack.
You hit Robin.
Robin is moderately wounded.
The goblin hits you with a +0 dagger. x2; Robin throws the goblin at you!
The goblin hits you with a +0 dagger. The goblin closely misses you.
You hit Robin but do no damage.
Robin is moderately wounded.
You block Robin's attack. The goblin barely misses you.
The goblin hits you with a +0 dagger.
You thump Robin!
Robin is almost dead.
Robin hits you but does no damage. Space warps around you.
The goblin hits you but does no damage. x2
Robin hits you with a +1 falchion of distortion.
* * * LOW HITPOINT WARNING * * *
Space warps horribly around you!
You die...

##### ## #...#
...####.#.#
#......#.####
######..†.....#
..............#
......g@g†)...#
......g.w.....#
......)..........
.....####........
##### .........
#........
..<.(.... .......


You could see a worm, Robin and 2 goblins.

Vanquished Creatures
  5 bats
  An endoplasm (D:1)
  A giant cockroach (D:1)
  9 goblins
  3 hobgoblins (D:1)
  4 jackals (D:1)
  A quokka (D:1)
  2 ball pythons
  A frilled lizard (D:1)
  3 kobolds (D:1)
  2 rats (D:1)
32 creatures vanquished.

Notes
Turn   | Place    | Note
-------+----------+-------------------------------------------
     0 | D:1      | Jerry the Troll Fighter began the quest for the Orb.
     0 | D:1      | Reached XP level 1. HP: 22/22 MP: 0/0
   170 | D:1      | Reached XP level 2. HP: 29/29 MP: 1/1
   714 | D:2      | Noticed Robin
   725 | D:1      | Reached XP level 3. HP: 34/36 MP: 2/2
   787 | D:2      | Mangled by Robin

Illustrated notes

Levels and vault maps discovered:
D:1:      kilobyte_arrival_exit_the_forest, layout_basic
D:2:      layout_rooms, serial_shops, shop, shop, uniq_robin, uniq_natasha

Skill      XL: |  1 |
---------------+----+-----
Maces & Flails | 2 |  2.7
Fighting       | |  2.4
Dodging        | |  2.7
Shields        | |  2.7

Action                   || total
-------------------------++-------
Melee: Flail             ||    95
 Stab: Distracted        ||     1
       Sleeping          ||     1
Armor: Robe              ||    60
Dodge: Dodged            ||    60
Block: Kite shield       ||    56
